 Dungeon Crawl Stone Soup version 0.23.2-1-ga50397a (webtiles) character file.

Game seed: 10554918511851206733

845 schauveau the Archer (level 7, -1/90 HPs)
             Began as a Centaur Hunter on Apr 26, 2019.
             Slain by an orc warrior
             ... wielding a +1 mace of protection
              (4 damage)
             ... on level 5 of the Dungeon.
             The game lasted 00:12:32 (4418 turns).

schauveau the Archer (Centaur Hunter)               Turns: 4418, Time: 00:12:32

Health: -1/90      AC: 23    Str: 15    XL:     7   Next: 68%
Magic:  7/7        EV:  1    Int: 10    God:
Gold:   135        SH:  0    Dex: 14    Spells: 6/6 levels left

rFire    + . .     SeeInvis .   a - +2 shortbow
rCold    . . .     Gourm    .   (shield currently unavailable)
rNeg     + + +     Faith    .   (armour currently unavailable)
rPois    +         Spirit   .   (helmet currently unavailable)
rElec    .         Reflect  .   (cloak currently unavailable)
rCorr    .         Harm     .   (gloves currently unavailable)
MR       .....     NoTele   +   (no barding)
Stlth    +.........             y - amulet of rage
HPRegen  0.25/turn              l - ring of protection from fire
MPRegen  0.10/turn              B - +3 ring of dexterity

@: confused, tree-form
A: large
a: Evoke Berserk Rage


You were on level 5 of the Dungeon.
You were not hungry.
You were a tree.
You visited 1 branch of the dungeon, and saw 6 of its levels.

You collected 294 gold pieces.
You spent 159 gold pieces at shops.

Inventory:

Hand Weapons
 a - a +2 shortbow (weapon)
 b - a +4 flail of crushing
 g - a +0 spear
 h - a +0 halberd
 i - a +0 short sword
 u - a +2 quarterstaff of chaos
Missiles
 d - 38 arrows (quivered)
Armour
 c - a +0 leather armour (melded)
 m - a +0 plate armour
 t - a +0 cloak of invisibility (melded)
Jewellery
 l - a ring of protection from fire (left branch)
 w - an uncursed ring of wizardry
 y - an amulet of rage (around neck)
 B - a +3 ring of dexterity (right branch)
Wands
 n - a wand of paralysis (5)
 s - a wand of polymorph (9)
Scrolls
 e - 2 scrolls of teleportation
 k - a scroll of enchant armour
 o - 3 scrolls of remove curse
 v - a scroll of random uselessness {unknown}
 x - a scroll of magic mapping {unknown}
 C - a scroll of identify
Potions
 q - a potion of might {unknown}
 r - 3 potions of brilliance
 z - a potion of invisibility {unknown}
 A - a potion of agility {unknown}
 D - a potion of flight {unknown}
Comestibles
 f - 11 rations


   Skills:
 + Level 4.7 Fighting
 + Level 3.5 Polearms
 * Level 9.7 Bows
 - Level 1.3 Dodging
 - Level 0.4 Stealth


You had 6 spell levels left.
You didn't know any spells.
Your spell library was empty.

Dungeon Overview and Level Annotations

Branches:
Dungeon (6/15)
 Temple: D:4-7

Altars:
Dithmenos
Elyvilon
Wu Jian
Xom
Zin

Shops:
D:4 *

Annotations:
D:2 Sigmund
D:5 Blork the orc


Innate Abilities, Weirdness & Mutations

((You have hooves in place of feet.))
((Armour fits poorly on your strangely shaped body.))
((You cover ground very quickly.))
((You have extremely tough skin. (AC +3)))


Message History

Firing (i - inventory)
d - 40 arrows (quivered)
Press: ? - help, Shift-Dir - straight line, f/p - ice beast
Aim: an ice beast (moderately wounded)
You shoot an arrow. The arrow hits the ice beast.
The ice beast is heavily wounded.
The orc warrior hits you with a +1 mace of protection.
* * * LOW HITPOINT WARNING * * *
Firing (i - inventory)
d - 39 arrows (quivered)
Press: ? - help, Shift-Dir - straight line, f/p - ice beast
Aim: an ice beast (heavily wounded)
You shoot an arrow. The arrow hits the ice beast.
The ice beast is severely wounded.
You hear some strange, mumbled words.
You are confused.
The ice beast hits you.
* * * LOW HITPOINT WARNING * * *
The ice beast freezes you.
* * * LOW HITPOINT WARNING * * *
The orc warrior hits you with a +1 mace of protection.
You die...

########## #########
#o)......#
#....(..###o######.####
#.#####..)♣Y.....(....##
#..##{##.........#
#(.##.##.###.##..#
#.....(..# #.##..#
#.###.#### #.##..####
...# #.# #.........
..#### #(# #..##.#### #.
#.# #..##.# #
#?######..##.####


You could see an orc warrior, an ice beast and an orc.

Vanquished Creatures
  Edmund (D:2)
  An ice beast (D:5)
  A sky beast (D:5)
  A centaur (D:5)
  A howler monkey (D:4)
  An orc wizard (D:4)
  Crazy Yiuf (D:2)
  Jessica (D:3)
  Ijyb (D:3)
  An iguana (D:2)
  6 worker ants
  4 adders
  5 gnolls (D:3)
  An ooze (D:1)
  3 worms
  3 dart slugs
  A leopard gecko (D:3)
  10 orcs
  2 ball pythons
  4 giant cockroaches
  6 hobgoblins
  4 jackals
  4 kobolds
  A quokka (D:4)
  A ball python zombie (D:5)
  3 bats
  5 frilled lizards
  4 goblins
  2 rats (D:1)
79 creatures vanquished.

Notes
Turn   | Place    | Note
-------+----------+-------------------------------------------
     0 | D:1      | schauveau the Centaur Hunter began the quest for the Orb.
     0 | D:1      | Reached XP level 1. HP: 17/17 MP: 1/1
   104 | D:1      | Reached XP level 2. HP: 8/24 MP: 2/2
   350 | D:1      | Reached skill level 6 in Bows
   418 | D:2      | Reached XP level 3. HP: 14/30 MP: 3/3
   581 | D:3      | Found a shadowy altar of Dithmenos.
   934 | D:3      | Reached skill level 1 in Polearms
   934 | D:3      | Reached XP level 4. HP: 19/37 MP: 4/4
  1525 | D:4      | Found a glowing silver altar of Zin.
  1549 | D:4      | Noticed Edmund
  1563 | D:4      | Noticed a sky beast
  1609 | D:3      | Found a white marble altar of Elyvilon.
  1658 | D:3      | Noticed Jessica
  1663 | D:3      | Killed Jessica
  1663 | D:3      | Reached skill level 7 in Bows
  1719 | D:3      | Found a white marble altar of Elyvilon.
  1762 | D:3      | Found a shimmering altar of Xom.
  1765 | D:3      | Reached XP level 5. HP: 45/45 MP: 5/5
  2185 | D:3      | Noticed Ijyb
  2244 | D:2      | Killed Edmund
  2244 | D:2      | Reached skill level 8 in Bows
  2244 | D:2      | Reached XP level 6. HP: 22/52 MP: 6/6
  2474 | D:2      | Found a runed translucent door.
  2476 | D:2      | Noticed Crazy Yiuf
  2511 | D:2      | Killed Crazy Yiuf
  2734 | D:2      | Noticed Sigmund
  2947 | D:3      | Killed Ijyb
  3102 | D:4      | Found Esosch's Assorted Antiques.
  3114 | D:4      | Bought a ruby potion for 24 gold pieces
  3114 | D:4      | Bought a glowing peridot amulet for 135 gold pieces
  3226 | D:4      | Reached XP level 7. HP: 59/59 MP: 7/7
  3296 | D:5      | Entered Level 5 of the Dungeon
  3391 | D:5      | Reached skill level 9 in Bows
  3634 | D:5      | Found an ornate altar of the Wu Jian Council.
  3933 | D:5      | Noticed Blork the orc
  4418 | D:5      | HP: 3/90 [ice beast (5)]
  4418 | D:5      | Slain by an orc warrior

Skill      XL: |  1  2  3  4  5  6  7 |
---------------+----------------------+-----
Bows           | 6 7 8 9 |  9.7
Polearms       | 1 2 3 |  3.5
Fighting       | 3 4 |  4.7
Dodging        | |  1.3
Stealth        | |  0.4

Action                   |  1- 3 |  4- 6 |  7- 9 || total
-------------------------+-------+-------+-------++-------
Melee: Short sword       |    52 |       |       ||    52
       Kick              |    14 |    11 |       ||    25
       Spear             |    26 |       |       ||    26
       Halberd           |       |    47 |       ||    47
       Flail             |       |    16 |       ||    16
 Fire: Shortbow          |    20 |   135 |    84 ||   239
  Use: Scroll            |       |     6 |     5 ||    11
       Potion            |       |       |     4 ||     4
  Eat: Chunk             |       |     2 |     2 ||     4
       Ration            |       |     1 |     1 ||     2
Armor: Leather armour    |    30 |    18 |    15 ||    63
       Plate armour      |     2 |    59 |       ||    61
       Skin              |       |       |    35 ||    35
Dodge: Dodged            |    33 |    35 |    17 ||    85
